Gulls vs Firebirds
Created - November 13, 2025 at 19:03
Goals
|
| Gulls |
0 |
1 |
3 |
0 |
4 |
| Firebirds |
2 |
1 |
1 |
1 |
5 |
|
Shots
|
| Gulls |
9 |
12 |
9 |
0 |
30 |
| Firebirds |
9 |
12 |
14 |
2 |
37 |
|
1st period
1. Firebirds , Victor Mete 1 (Jacob De La Rose 4, Rostislav Olesz 1) at 16:43
2. Firebirds , Jared McCann 3 (Victor Mete 1) at 17:19 (PP)
Penalties :
Zac Leslie (S.D) for Roughing (Minor) at 13:18, Mikhail Maltsev (S.D) for Tripping (Minor) at 16:46
2nd period
3. Gulls , Seth Jarvis 3 (Matt Grzelcyk 3, Calvin Thurkauf 1) at 16:26
4. Firebirds , Rostislav Olesz 2 (Jakub Zboril 3, Thomas Spelling 2) at 17:00 (PP)
Penalties :
Jacob Bryson (Coa) for High sticking (Minor) at 2:50, Rostislav Olesz (Coa) for Holding (Minor) at 6:59, Rostislav Olesz (Coa) for Interference (Minor) at 11:24, Zac Leslie (S.D) for Tripping (Minor) at 16:45, Fredrik Olofsson (Coa) for Slashing (Minor) at 18:05
3rd period
5. Gulls , Seth Jarvis 4 (Calvin Thurkauf 2, Pavel Dorofeyev 2) at 1:31
6. Gulls , Troy Terry 4 (Dominic Turgeon 5, Mikhail Maltsev 4) at 10:18
7. Firebirds , Thomas Spelling 4 (Jakub Zboril 4, Rostislav Olesz 2) at 10:44
8. Gulls , Dominic Turgeon 4 (Troy Terry 2, Mikhail Maltsev 5) at 19:49
Penalties :
Victor Mete (Coa) for High sticking (Minor) at 1:50, Victor Mete (Coa) for Holding (Minor) at 14:34
Overtime #1
9. Firebirds , Jacob De La Rose 2 (Jared McCann 2, Jakub Zboril 5) at 0:16
Penalties :
No Penalty
Goalie Stats
Thomas McCollum (S.D), 32 saves from 37 shots - (0.865), OTL, 2-2-1, 59:23 minutes
Cayden Primeau (Coa), 26 saves from 30 shots - (0.867), W, 3-0-0, 60:16 minutes
Players Stats for Gulls
Player Name G A P +/- PIM S H SB GA TA FO MP PP MP PK MP
------------------------------------------------------------------------------------
0 0 0 0 0 0 0 0 0 0 0/0 0:00 0:00 0:00
0 0 0 0 0 0 0 0 0 0 0/0 0:00 0:00 0:00
0 0 0 0 0 0 0 0 0 0 0/0 0:00 0:00 0:00
0 0 0 0 0 0 0 0 0 0 0/0 0:00 0:00 0:00
0 0 0 0 0 0 0 0 0 0 0/0 0:00 0:00 0:00
0 0 0 0 0 0 0 0 0 0 0/0 0:00 0:00 0:00
0 0 0 0 0 0 0 0 0 0 0/0 0:00 0:00 0:00
Calvin Thurkauf 0 2 2 2 0 1 1 0 1 0 5/7 12:16 0:00 1:39
Dominic Turgeon 1 1 2 0 0 2 5 0 0 0 20/35 22:42 6:28 0:38
Emil Heineman 0 0 0 -1 0 0 4 0 0 0 0/0 13:55 5:26 0:30
Henri Ikonen 0 0 0 0 0 2 1 0 0 1 0/0 13:59 0:04 1:39
Jack Glover 0 0 0 -1 0 0 1 0 0 0 0/0 19:38 0:00 0:53
Luke Kunin 0 0 0 0 0 2 0 0 1 3 3/9 15:32 5:26 0:00
Markus Niemelainen 0 0 0 0 0 0 0 1 0 0 0/0 11:04 0:00 0:53
Matt Grzelcyk 0 1 1 2 0 2 0 1 1 0 0/0 24:25 6:36 1:54
Mikhail Maltsev 0 2 2 1 2 4 0 2 0 0 1/2 21:32 6:24 0:00
Mikko Vainonen 0 0 0 3 0 1 0 1 0 0 0/0 21:23 5:18 1:54
Nick Merkley 0 0 0 0 0 1 1 0 0 0 0/1 12:41 0:04 0:30
Pavel Dorofeyev 0 1 1 2 0 0 2 0 0 1 0/0 9:55 0:00 0:00
Quinton Byfield 0 0 0 -1 0 0 0 0 0 0 2/7 9:16 0:00 0:00
Seth Jarvis 2 0 2 2 0 3 1 0 0 0 0/1 15:47 6:24 0:00
Tarmo Reunanen 0 0 0 0 0 0 0 0 0 1 0/0 16:31 5:18 0:00
Troy Terry 1 1 2 0 0 5 0 0 3 0 1/1 21:32 5:26 0:00
Zac Leslie 0 0 0 -1 4 2 2 1 1 2 0/0 27:19 6:36 0:00
Zack MacEwen 0 0 0 -1 0 5 0 0 0 0 0/0 8:31 0:00 0:38
Players Stats for Firebirds
Player Name G A P +/- PIM S H SB GA TA FO MP PP MP PK MP
------------------------------------------------------------------------------------
0 0 0 0 0 0 0 0 0 0 0/0 0:00 0:00 0:00
0 0 0 0 0 0 0 0 0 0 0/0 0:00 0:00 0:00
0 0 0 0 0 0 0 0 0 0 0/0 0:00 0:00 0:00
0 0 0 0 0 0 0 0 0 0 0/0 0:00 0:00 0:00
0 0 0 0 0 0 0 0 0 0 0/0 0:00 0:00 0:00
0 0 0 0 0 0 0 0 0 0 0/0 0:00 0:00 0:00
0 0 0 0 0 0 0 0 0 0 0/0 0:00 0:00 0:00
Alex Henriksson 0 0 0 0 0 0 1 0 0 1 0/0 10:20 0:00 3:34
Connor Clifton 0 0 0 -2 0 1 1 0 0 0 0/0 17:29 1:25 1:43
Dylan Coghlan 0 0 0 0 0 3 0 2 0 2 0/0 25:54 1:25 6:51
Eric Robinson 0 0 0 0 0 1 1 0 0 1 0/0 14:15 1:09 1:15
Fredrik Olofsson 0 0 0 -1 2 2 1 1 0 0 0/0 13:25 0:00 3:13
Garret Pilon 0 0 0 0 0 1 0 0 2 0 0/0 5:58 0:00 0:00
Jacob Bryson 0 0 0 -2 2 1 1 1 1 0 0/0 14:50 0:26 0:00
Jacob De La Rose 1 1 2 -1 0 5 0 3 0 0 18/38 24:24 0:00 6:21
Jakub Zboril 0 3 3 1 0 3 0 2 2 1 0/0 26:34 1:22 6:51
Jared McCann 1 1 2 1 0 4 1 2 0 0 3/8 18:15 1:09 5:14
Mac Hollowell 0 0 0 0 0 0 1 0 0 0 0/0 17:56 0:00 5:03
Maksim Sushko 0 0 0 0 0 2 1 0 0 0 0/0 8:43 0:00 0:00
Matej Blumel 0 0 0 0 0 0 0 0 0 0 0/0 5:58 0:00 0:00
Reid Boucher 0 0 0 0 0 2 0 0 1 0 6/11 11:43 1:38 0:07
Rostislav Olesz 1 2 3 -1 4 1 1 0 0 0 3/4 23:10 1:38 4:04
Thomas Spelling 1 1 2 -2 0 6 2 0 2 0 1/2 19:09 1:38 0:00
Victor Mete 1 1 2 0 4 4 2 1 0 1 0/0 17:46 0:56 3:20
Wade Allison 0 0 0 0 0 1 4 0 0 1 0/0 12:59 1:09 0:00
3 Stars
1 - Seth Jarvis (S.D)
2 - Jared McCann (Coa)
3 - Dominic Turgeon (S.D)
Power Play
Gulls - 0 on 6 Attempt(s) - 0.00%
Firebirds - 2 on 3 Attempt(s) - 66.67%
Penalty Kill
Gulls - 1 on 3 Attempt(s) - 33.33%
- Score 0 goal in Penalty Kill
Firebirds - 6 on 6 Attempt(s) - 100.00%
- Score 0 goal in Penalty Kill
Team Stat
Gulls - Hits : 18 - Faceoff Wins : 32 - Blocked Shots : 6 - Penalty Minutes : 6
Firebirds - Hits : 17 - Faceoff Wins : 31 - Blocked Shots : 12 - Penalty Minutes : 12
Official
Referees : Garrett Rank and Furman South
Linesman : David Brisebois and Scott Cherrey
Game Notes
No Game Note
Finance
Level 1 -- Attendance: 1891 (94.55%) -- Ticket Income $132,370
Level 2 -- Attendance: 885 (88.50%) -- Ticket Income $35,400
Total Attendance: 2776 (92.53%)
Total Ticket Income: $167,770
Other Income: $8,388
Total Income: $176,158
Gulls
5 vs 5 Forward
Center Left Wing Right Wing Time % Phy DF OF
1 Dominic Turgeon Mikhail Maltsev Troy Terry 40 0 2 3
2 Luke Kunin Henri Ikonen Nick Merkley 30 0 2 3
3 Calvin Thurkauf Pavel Dorofeyev Seth Jarvis 20 0 2 3
4 Quinton Byfield Emil Heineman Zack MacEwen 10 0 2 3
5 vs 5 Defense
Defense Defense Time % Phy DF OF
1 Jack Glover Zac Leslie 40 1 2 2
2 Mikko Vainonen Matt Grzelcyk 30 1 2 2
3 Tarmo Reunanen Markus Niemelainen 20 1 2 2
4 Zac Leslie Matt Grzelcyk 10 1 2 2
PowerPlay Forward
Center Left Wing Right Wing Time % Phy DF OF
1 Dominic Turgeon Mikhail Maltsev Seth Jarvis 60 0 1 4
2 Luke Kunin Emil Heineman Troy Terry 40 0 1 4
PowerPlay Defense
Defense Defense Time % Phy DF OF
1 Zac Leslie Matt Grzelcyk 60 0 1 4
2 Tarmo Reunanen Mikko Vainonen 40 0 1 4
Penalty Kill 4 Players Forward
Center Wing Time % Phy DF OF
1 Calvin Thurkauf Henri Ikonen 60 1 2 2
2 Dominic Turgeon Zack MacEwen 40 1 2 2
Penalty Kill 4 Players Defense
Defense Defense Time % Phy DF OF
1 Mikko Vainonen Matt Grzelcyk 60 1 2 2
2 Jack Glover Markus Niemelainen 40 1 2 2
Penalty Kill - 3 Players Forward
Forward Time % Phy DF OF
1 Luke Kunin 60 1 2 2
2 Quinton Byfield 40 1 2 2
Penalty Kill - 3 Players Defense
Defense Defense Time % Phy DF OF
1 Zac Leslie Matt Grzelcyk 60 1 2 2
2 Jack Glover Tarmo Reunanen 40 1 2 2
4 vs 4 Forward
Center Wing Time % Phy DF OF
1 Calvin Thurkauf Troy Terry 60 1 2 2
2 Quinton Byfield Henri Ikonen 40 1 2 2
4 vs 4 Defense
Defense Defense Time % Phy DF OF
1 Tarmo Reunanen Markus Niemelainen 60 1 2 2
2 Jack Glover Zac Leslie 40 1 2 2
Last Minutes Offensive
Center Left Wing Right Wing Defense Defense
Dominic Turgeon Mikhail Maltsev Troy Terry Matt Grzelcyk Mikko Vainonen
Last Minutes Defensive
Center Left Wing Right Wing Defense Defense
Dominic Turgeon Henri Ikonen Nick Merkley Jack Glover Matt Grzelcyk
Goaltenders
Starting : Thomas McCollum
Backup : Mads Sogaard
Extra Forwards
Normal : Troy Terry, Dominic Turgeon, Mikhail Maltsev - PP : Troy Terry, Dominic Turgeon - PK : Nick Merkley
Extra Defensemen
Normal : Zac Leslie, Matt Grzelcyk, Jack Glover - PP : Mikko Vainonen - PK : Markus Niemelainen, Jack Glover
Penalty Shots
Troy Terry, Dominic Turgeon, Emil Heineman, Seth Jarvis, Luke Kunin
Custom OT Lines Forwards
Troy Terry, Dominic Turgeon, Luke Kunin, Mikhail Maltsev, Calvin Thurkauf, Pavel Dorofeyev, Seth Jarvis, Nick Merkley, Henri Ikonen, Emil Heineman
Custom OT Lines Defensemen
Zac Leslie, Matt Grzelcyk, Jack Glover, Tarmo Reunanen, Mikko Vainonen
Scratches
Mason Lohrei (Healthy), William Wallinder (Healthy), Damien Giroux (Healthy), Francis Perron (Healthy), Ryan Collins (Healthy)
MacKenzie Entwistle (Healthy), Massimo Rizzo (Healthy), Drew Helleson (Healthy), Yaroslav Askarov (Healthy)
Firebirds
5 vs 5 Forward
Center Left Wing Right Wing Time % Phy DF OF
1 Jacob De La Rose Rostislav Olesz Thomas Spelling 40 0 2 3
2 Jared McCann Eric Robinson Wade Allison 30 0 2 3
3 Reid Boucher Fredrik Olofsson Maksim Sushko 20 0 2 3
4 Garret Pilon Alex Henriksson Matej Blumel 10 0 2 3
5 vs 5 Defense
Defense Defense Time % Phy DF OF
1 Jakub Zboril Dylan Coghlan 40 1 2 2
2 Victor Mete Mac Hollowell 30 1 2 2
3 Jacob Bryson Connor Clifton 20 1 2 2
4 Jacob Bryson Connor Clifton 10 1 2 2
PowerPlay Forward
Center Left Wing Right Wing Time % Phy DF OF
1 Reid Boucher Rostislav Olesz Thomas Spelling 55 0 1 4
2 Jared McCann Eric Robinson Wade Allison 45 0 1 4
PowerPlay Defense
Defense Defense Time % Phy DF OF
1 Jakub Zboril Victor Mete 55 0 1 4
2 Dylan Coghlan Connor Clifton 45 0 1 4
Penalty Kill 4 Players Forward
Center Wing Time % Phy DF OF
1 Jacob De La Rose Rostislav Olesz 55 1 4 0
2 Jared McCann Fredrik Olofsson 45 1 4 0
Penalty Kill 4 Players Defense
Defense Defense Time % Phy DF OF
1 Jakub Zboril Dylan Coghlan 55 1 4 0
2 Victor Mete Mac Hollowell 45 1 4 0
Penalty Kill - 3 Players Forward
Forward Time % Phy DF OF
1 Reid Boucher 55 1 4 0
2 Garret Pilon 45 1 4 0
Penalty Kill - 3 Players Defense
Defense Defense Time % Phy DF OF
1 Victor Mete Mac Hollowell 55 1 4 0
2 Jacob Bryson Connor Clifton 45 1 4 0
4 vs 4 Forward
Center Wing Time % Phy DF OF
1 Jacob De La Rose Wade Allison 55 1 2 2
2 Rostislav Olesz Alex Henriksson 45 1 2 2
4 vs 4 Defense
Defense Defense Time % Phy DF OF
1 Jakub Zboril Dylan Coghlan 55 1 2 2
2 Victor Mete Mac Hollowell 45 1 2 2
Last Minutes Offensive
Center Left Wing Right Wing Defense Defense
Jared McCann Rostislav Olesz Wade Allison Jakub Zboril Dylan Coghlan
Last Minutes Defensive
Center Left Wing Right Wing Defense Defense
Jacob De La Rose Fredrik Olofsson Thomas Spelling Dylan Coghlan Mac Hollowell
Goaltenders
Starting : Cayden Primeau
Backup : Magnus Hellberg
Extra Forwards
Normal : Reid Boucher, Fredrik Olofsson, Alex Henriksson - PP : Reid Boucher, Fredrik Olofsson - PK : Alex Henriksson
Extra Defensemen
Normal : Jacob Bryson, Connor Clifton, Victor Mete - PP : Jacob Bryson - PK : Connor Clifton, Victor Mete
Penalty Shots
Jacob De La Rose, Jared McCann, Rostislav Olesz, Eric Robinson, Thomas Spelling
Custom OT Lines Forwards
Jacob De La Rose, Jared McCann, Rostislav Olesz, Eric Robinson, Thomas Spelling, Reid Boucher, Fredrik Olofsson, Alex Henriksson, Garret Pilon, Wade Allison
Custom OT Lines Defensemen
Jakub Zboril, Dylan Coghlan, Victor Mete, Mac Hollowell, Jacob Bryson
Scratches
Jasper Weatherby (Healthy), Alexander Holtz (Healthy), Sasha Chmelevski (Healthy), Emil Andrae (Healthy), Helge Grans (Healthy)
Thomas Bordeleau (Healthy), Jacob Middleton (Healthy), Kyle Capobianco (Healthy), Matthew Kiersted (Healthy), Kristians Rubins (Healthy)
Jonah Gadjovich (Healthy), Parker Kelly (Healthy), Artur Kayumov (Healthy), Stelio Mattheos (Healthy), Nikita Alexandrov (Healthy)
Valentin Nussbaumer (Healthy), Maxence Guenette (Healthy), Bobby Brink (Healthy)
% Time on Ice - Gulls
Lines # - Real PCT - Wanted PCT - Time Play
Normal Forward
1 - 34% - 40% - 15:07
2 - 26% - 30% - 11:19
3 - 22% - 20% - 9:55
4 - 18% - 10% - 7:53
Normal Defense
1 - 44% - 40% - 19:26
2 - 29% - 30% - 12:56
3 - 23% - 20% - 10:05
4 - 4% - 10% - 1:47
PP Forward
1 - 54% - 60% - 6:28
2 - 46% - 40% - 5:26
PP Defense
1 - 55% - 60% - 6:36
2 - 45% - 40% - 5:18
PK Forward
1 - 77% - 60% - 2:09
2 - 23% - 40% - 0:38
PK Defense
1 - 68% - 60% - 1:54
2 - 32% - 40% - 0:53
PK3 Forward
1 - 0% - 60%
2 - 0% - 40%
PK3 Defense
1 - 0% - 60%
2 - 0% - 40%
44 Forward
1 - 0% - 60%
2 - 0% - 40%
44 Defense
1 - 0% - 60%
2 - 0% - 40%
Last Minute Offensive - 1:05
Last Minute Defensive - 0:00
Total
Forward - 60:00
Defense - 60:00
|
% Time on Ice - Firebirds
Lines # - Real PCT - Wanted PCT - Time Play
Normal Forward
1 - 40% - 40% - 17:34
2 - 27% - 30% - 12:02
3 - 20% - 20% - 8:43
4 - 13% - 10% - 5:58
Normal Defense
1 - 41% - 40% - 18:05
2 - 29% - 30% - 12:53
3 - 23% - 20% - 10:05
4 - 7% - 10% - 3:14
PP Forward
1 - 59% - 55% - 1:38
2 - 41% - 45% - 1:09
PP Defense
1 - 49% - 55% - 1:22
2 - 51% - 45% - 1:25
PK Forward
1 - 64% - 55% - 7:36
2 - 36% - 45% - 4:18
PK Defense
1 - 58% - 55% - 6:51
2 - 42% - 45% - 5:03
PK3 Forward
1 - 0% - 55%
2 - 0% - 45%
PK3 Defense
1 - 0% - 55%
2 - 0% - 45%
44 Forward
1 - 0% - 55%
2 - 0% - 45%
44 Defense
1 - 0% - 55%
2 - 0% - 45%
Last Minute Offensive - 0:00
Last Minute Defensive - 1:02
Total
Forward - 60:00
Defense - 60:00
|
Play-by-Play
1st period
0:01 of 1st period - Jacob De La Rose wins face-off versus Dominic Turgeon in neutral zone.
0:14 of 1st period - Wrist shot by Jacob De La Rose.
0:14 of 1st period - Stopped by Thomas McCollum with a rebound.
0:16 of 1st period - Snap shot by Dylan Coghlan.
0:16 of 1st period - Shot Misses the Net.
0:57 of 1st period - Wrist shot by Calvin Thurkauf.
0:57 of 1st period - Shot Blocked by Fredrik Olofsson.
1:11 of 1st period - Snap shot by Garret Pilon.
1:11 of 1st period - Shot Misses the Net.
1:29 of 1st period - Snap shot by Garret Pilon.
1:29 of 1st period - Shot Hit the Post.
1:31 of 1st period - Slapshot by Victor Mete.
1:31 of 1st period - Stopped by Thomas McCollum with a rebound.
2:37 of 1st period - Jacob De La Rose is hit by Zac Leslie.
2:45 of 1st period - Wrist shot by Thomas Spelling.
2:45 of 1st period - Stopped by Thomas McCollum without a rebound.
2:46 of 1st period - Dominic Turgeon wins face-off versus Jared McCann in Gulls zone.
2:46 of 1st period - Dominic Turgeon is hit by Wade Allison.
3:02 of 1st period - Snap shot by Jared McCann.
3:02 of 1st period - Shot Misses the Net.
3:51 of 1st period - Icing by Zack MacEwen.
3:52 of 1st period - Reid Boucher wins face-off versus Calvin Thurkauf in Gulls zone.
4:05 of 1st period - Snap shot by Fredrik Olofsson.
4:05 of 1st period - Shot Misses the Net.
4:21 of 1st period - Slapshot by Troy Terry.
4:21 of 1st period - Stopped by Cayden Primeau with a rebound.
5:08 of 1st period - Snap shot by Zack MacEwen.
5:08 of 1st period - Stopped by Cayden Primeau without a rebound.
5:09 of 1st period - Jacob De La Rose wins face-off versus Dominic Turgeon in Firebirds zone.
6:04 of 1st period - Slapshot by Zack MacEwen.
6:04 of 1st period - Stopped by Cayden Primeau with a rebound.
6:20 of 1st period - Alex Henriksson is hit by Dominic Turgeon.
7:09 of 1st period - Wrist shot by Jared McCann.
7:09 of 1st period - Stopped by Thomas McCollum without a rebound.
7:10 of 1st period - Dominic Turgeon wins face-off versus Jacob De La Rose in Gulls zone.
7:10 of 1st period - Dominic Turgeon is hit by Connor Clifton.
7:42 of 1st period - Wrist shot by Luke Kunin.
7:42 of 1st period - Shot Blocked by Jared McCann.
8:01 of 1st period - Zack MacEwen is hit by Jared McCann.
8:21 of 1st period - Wrist shot by Fredrik Olofsson.
8:21 of 1st period - Shot Misses the Net.
8:23 of 1st period - Slapshot by Dylan Coghlan.
8:23 of 1st period - Stopped by Thomas McCollum with a rebound.
8:25 of 1st period - Slapshot by Dylan Coghlan.
8:25 of 1st period - Shot Misses the Net.
8:27 of 1st period - Slapshot by Reid Boucher.
8:27 of 1st period - Shot Misses the Net.
8:49 of 1st period - Snap shot by Jacob De La Rose.
8:49 of 1st period - Stopped by Thomas McCollum without a rebound.
8:50 of 1st period - Troy Terry wins face-off versus Reid Boucher in Gulls zone.
9:39 of 1st period - Snap shot by Garret Pilon.
9:39 of 1st period - Stopped by Thomas McCollum with a rebound.
10:21 of 1st period - Wrist shot by Zack MacEwen.
10:21 of 1st period - Stopped by Cayden Primeau with a rebound.
11:32 of 1st period - Wrist shot by Calvin Thurkauf.
11:32 of 1st period - Shot Misses the Net.
11:48 of 1st period - Slapshot by Luke Kunin.
11:48 of 1st period - Stopped by Cayden Primeau with a rebound.
12:04 of 1st period - Matt Grzelcyk is hit by Thomas Spelling.
12:10 of 1st period - Thomas Spelling is hit by Emil Heineman and loses puck.
12:21 of 1st period - Mac Hollowell is hit by Zac Leslie and loses puck.
12:40 of 1st period - Mac Hollowell is hit by Calvin Thurkauf and loses puck.
13:18 of 1st period - Minor Penalty to Zac Leslie for Roughing.
13:19 of 1st period - Calvin Thurkauf wins face-off versus Reid Boucher in Gulls zone.
15:04 of 1st period - Icing by Reid Boucher.
15:05 of 1st period - Reid Boucher wins face-off versus Nick Merkley in Firebirds zone.
15:18 of 1st period - Penalty to Zac Leslie is over, Zac Leslie is back on ice.
15:29 of 1st period - Calvin Thurkauf is hit by Alex Henriksson and loses puck.
16:05 of 1st period - Tarmo Reunanen is hit by Jacob Bryson and loses puck.
16:33 of 1st period - Icing by Mikhail Maltsev.
16:34 of 1st period - Jacob De La Rose wins face-off versus Quinton Byfield in Gulls zone.
16:37 of 1st period - Slapshot by Jacob De La Rose.
16:37 of 1st period - Shot Misses the Net.
16:39 of 1st period - Snap shot by Jacob De La Rose.
16:39 of 1st period - Shot Misses the Net.
16:41 of 1st period - Slapshot by Victor Mete.
16:41 of 1st period - Shot Blocked by Zac Leslie.
16:43 of 1st period - Backhand shot by Victor Mete.
16:43 of 1st period - Goal by Victor Mete - Gulls : 0 - Firebirds : 1.
16:44 of 1st period - Mikhail Maltsev wins face-off versus Thomas Spelling in neutral zone.
16:46 of 1st period - Minor Penalty to Mikhail Maltsev for Tripping.
16:47 of 1st period - Calvin Thurkauf wins face-off versus Reid Boucher in Gulls zone.
16:47 of 1st period - Calvin Thurkauf is hit by Thomas Spelling.
17:19 of 1st period - Backhand shot by Jared McCann.
17:19 of 1st period - Goal by Jared McCann - Gulls : 0 - Firebirds : 2.
17:20 of 1st period - Dominic Turgeon wins face-off versus Jacob De La Rose in neutral zone.
17:27 of 1st period - Wrist shot by Troy Terry.
17:27 of 1st period - Deflect By Mikhail Maltsev.
17:27 of 1st period - Stopped by Cayden Primeau with a rebound.
17:55 of 1st period - Snap shot by Nick Merkley.
17:55 of 1st period - Shot Blocked by Jacob Bryson.
18:11 of 1st period - Snap shot by Zack MacEwen.
18:11 of 1st period - Stopped by Cayden Primeau with a rebound.
18:15 of 1st period - Snap shot by Emil Heineman.
18:15 of 1st period - Shot Hit the Post.
18:34 of 1st period - Off-side.
18:35 of 1st period - Dominic Turgeon wins face-off versus Jacob De La Rose in neutral zone.
18:45 of 1st period - Snap shot by Troy Terry.
18:45 of 1st period - Stopped by Cayden Primeau with a rebound.
18:47 of 1st period - Snap shot by Mikhail Maltsev.
18:47 of 1st period - Deflect By Troy Terry.
18:47 of 1st period - Shot Misses the Net.
18:47 of 1st period - Puck is out of play.
18:48 of 1st period - Dominic Turgeon wins face-off versus Jacob De La Rose in Firebirds zone.
19:01 of 1st period - Wrist shot by Dominic Turgeon.
19:01 of 1st period - Stopped by Cayden Primeau with a rebound.
19:03 of 1st period - Slapshot by Jack Glover.
19:03 of 1st period - Deflect By Dominic Turgeon.
19:03 of 1st period - Shot Blocked by Jakub Zboril.
19:03 of 1st period - Puck is out of play.
19:04 of 1st period - Luke Kunin wins face-off versus Jared McCann in Firebirds zone.
19:35 of 1st period - Dominic Turgeon is hit by Rostislav Olesz and loses puck.
Goals for this period are 0 for Gulls vs 2 for Firebirds.
Shots for this period are 9 for Gulls vs 9 for Firebirds.
2nd period
0:01 of 2nd period - Jacob De La Rose wins face-off versus Dominic Turgeon in neutral zone.
0:33 of 2nd period - Wrist shot by Wade Allison.
0:33 of 2nd period - Stopped by Thomas McCollum with a rebound.
0:35 of 2nd period - Wrist shot by Jared McCann.
0:35 of 2nd period - Stopped by Thomas McCollum with a rebound.
0:37 of 2nd period - Wrist shot by Dylan Coghlan.
0:37 of 2nd period - Stopped by Thomas McCollum with a rebound.
0:58 of 2nd period - Snap shot by Fredrik Olofsson.
0:58 of 2nd period - Shot Misses the Net.
1:16 of 2nd period - Tarmo Reunanen is hit by Victor Mete.
1:32 of 2nd period - Slapshot by Zac Leslie.
1:32 of 2nd period - Deflect By Quinton Byfield.
1:32 of 2nd period - Shot Blocked by Victor Mete.
1:32 of 2nd period - Puck is out of play.
1:33 of 2nd period - Quinton Byfield wins face-off versus Jacob De La Rose in Firebirds zone.
1:48 of 2nd period - Slapshot by Jacob Bryson.
1:48 of 2nd period - Stopped by Thomas McCollum with a rebound.
2:00 of 2nd period - Slapshot by Rostislav Olesz.
2:00 of 2nd period - Shot Misses the Net.
2:18 of 2nd period - Snap shot by Zack MacEwen.
2:18 of 2nd period - Shot Blocked by Dylan Coghlan.
2:27 of 2nd period - Off-side.
2:28 of 2nd period - Jared McCann wins face-off versus Dominic Turgeon in neutral zone.
2:33 of 2nd period - Snap shot by Wade Allison.
2:33 of 2nd period - Shot Blocked by Mikhail Maltsev.
2:50 of 2nd period - Minor Penalty to Jacob Bryson for High sticking.
2:51 of 2nd period - Dominic Turgeon wins face-off versus Jacob De La Rose in Firebirds zone.
2:52 of 2nd period - Slapshot by Seth Jarvis.
2:52 of 2nd period - Stopped by Cayden Primeau with a rebound.
2:54 of 2nd period - Slapshot by Mikhail Maltsev.
2:54 of 2nd period - Stopped by Cayden Primeau with a rebound.
3:58 of 2nd period - Alex Henriksson is hit by Dominic Turgeon and loses puck.
4:50 of 2nd period - Penalty to Jacob Bryson is over, Jacob Bryson is back on ice.
6:03 of 2nd period - Slapshot by Victor Mete.
6:03 of 2nd period - Stopped by Thomas McCollum without a rebound.
6:04 of 2nd period - Thomas Spelling wins face-off versus Luke Kunin in Gulls zone.
6:10 of 2nd period - Off-side.
6:11 of 2nd period - Jacob De La Rose wins face-off versus Luke Kunin in neutral zone.
6:34 of 2nd period - Icing by Dominic Turgeon.
6:35 of 2nd period - Dominic Turgeon wins face-off versus Jared McCann in Gulls zone.
6:35 of 2nd period - Dominic Turgeon is hit by Victor Mete.
6:48 of 2nd period - Slapshot by Zac Leslie.
6:48 of 2nd period - Shot Misses the Net.
6:50 of 2nd period - Wrist shot by Troy Terry.
6:50 of 2nd period - Stopped by Cayden Primeau without a rebound.
6:51 of 2nd period - Jacob De La Rose wins face-off versus Luke Kunin in Firebirds zone.
6:54 of 2nd period - Wrist shot by Luke Kunin.
6:54 of 2nd period - Stopped by Cayden Primeau with a rebound.
6:56 of 2nd period - Slapshot by Mikko Vainonen.
6:56 of 2nd period - Stopped by Cayden Primeau without a rebound.
6:57 of 2nd period - Jacob De La Rose wins face-off versus Luke Kunin in Firebirds zone.
6:59 of 2nd period - Minor Penalty to Rostislav Olesz for Holding.
7:00 of 2nd period - Dominic Turgeon wins face-off versus Jacob De La Rose in Firebirds zone.
8:14 of 2nd period - Snap shot by Jared McCann.
8:14 of 2nd period - Shot Misses the Net.
8:59 of 2nd period - Penalty to Rostislav Olesz is over, Rostislav Olesz is back on ice.
9:01 of 2nd period - Reid Boucher is hit by Emil Heineman and loses puck.
9:36 of 2nd period - Slapshot by Jakub Zboril.
9:36 of 2nd period - Deflect By Eric Robinson.
9:36 of 2nd period - Stopped by Thomas McCollum without a rebound.
9:37 of 2nd period - Quinton Byfield wins face-off versus Jared McCann in Gulls zone.
9:37 of 2nd period - Quinton Byfield is hit by Wade Allison.
10:12 of 2nd period - Rostislav Olesz is hit by Seth Jarvis.
10:28 of 2nd period - Maksim Sushko is hit by Dominic Turgeon and loses puck.
10:39 of 2nd period - Troy Terry is hit by Maksim Sushko.
11:07 of 2nd period - Jacob Bryson is hit by Pavel Dorofeyev and loses puck.
11:13 of 2nd period - Off-side.
11:14 of 2nd period - Calvin Thurkauf wins face-off versus Jacob De La Rose in neutral zone.
11:24 of 2nd period - Minor Penalty to Rostislav Olesz for Interference.
11:25 of 2nd period - Dominic Turgeon wins face-off versus Jacob De La Rose in Firebirds zone.
11:55 of 2nd period - Slapshot by Matt Grzelcyk.
11:55 of 2nd period - Shot Blocked by Jared McCann.
13:24 of 2nd period - Penalty to Rostislav Olesz is over, Rostislav Olesz is back on ice.
13:51 of 2nd period - Snap shot by Henri Ikonen.
13:51 of 2nd period - Shot Blocked by Jacob De La Rose.
13:53 of 2nd period - Snap shot by Henri Ikonen.
13:53 of 2nd period - Stopped by Cayden Primeau with a rebound.
13:55 of 2nd period - Snap shot by Zack MacEwen.
13:55 of 2nd period - Shot Blocked by Jacob De La Rose.
14:02 of 2nd period - Icing by Connor Clifton.
14:03 of 2nd period - Reid Boucher wins face-off versus Calvin Thurkauf in Firebirds zone.
14:08 of 2nd period - Slapshot by Connor Clifton.
14:08 of 2nd period - Stopped by Thomas McCollum with a rebound.
14:14 of 2nd period - Jacob Bryson is hit by Nick Merkley.
14:25 of 2nd period - Icing by Nick Merkley.
14:26 of 2nd period - Jared McCann wins face-off versus Quinton Byfield in Gulls zone.
14:39 of 2nd period - Snap shot by Wade Allison.
14:39 of 2nd period - Shot Blocked by Markus Niemelainen.
14:51 of 2nd period - Snap shot by Luke Kunin.
14:51 of 2nd period - Shot Misses the Net.
14:53 of 2nd period - Wrist shot by Henri Ikonen.
14:53 of 2nd period - Shot Blocked by Jakub Zboril.
14:55 of 2nd period - Wrist shot by Nick Merkley.
14:55 of 2nd period - Stopped by Cayden Primeau without a rebound.
14:56 of 2nd period - Rostislav Olesz wins face-off versus Luke Kunin in Firebirds zone.
14:56 of 2nd period - Rostislav Olesz is hit by Jack Glover.
15:06 of 2nd period - Victor Mete is hit by Henri Ikonen and loses puck.
16:09 of 2nd period - Jacob De La Rose is hit by Pavel Dorofeyev and loses puck.
16:22 of 2nd period - Snap shot by Seth Jarvis.
16:22 of 2nd period - Shot Blocked by Jacob De La Rose.
16:24 of 2nd period - Slapshot by Matt Grzelcyk.
16:24 of 2nd period - Stopped by Cayden Primeau with a rebound.
16:26 of 2nd period - Wrist shot by Seth Jarvis.
16:26 of 2nd period - Goal by Seth Jarvis - Gulls : 1 - Firebirds : 2.
16:27 of 2nd period - Jacob De La Rose wins face-off versus Dominic Turgeon in neutral zone.
16:32 of 2nd period - Slapshot by Thomas Spelling.
16:32 of 2nd period - Shot Misses the Net.
16:34 of 2nd period - Snap shot by Jakub Zboril.
16:34 of 2nd period - Shot Misses the Net.
16:36 of 2nd period - Snap shot by Jakub Zboril.
16:36 of 2nd period - Stopped by Thomas McCollum without a rebound.
16:37 of 2nd period - Rostislav Olesz wins face-off versus Dominic Turgeon in Gulls zone.
16:40 of 2nd period - Snap shot by Rostislav Olesz.
16:40 of 2nd period - Shot Blocked by Mikhail Maltsev.
16:42 of 2nd period - Slapshot by Dylan Coghlan.
16:42 of 2nd period - Stopped by Thomas McCollum without a rebound.
16:43 of 2nd period - Dominic Turgeon wins face-off versus Jacob De La Rose in Gulls zone.
16:45 of 2nd period - Minor Penalty to Zac Leslie for Tripping.
16:46 of 2nd period - Calvin Thurkauf wins face-off versus Reid Boucher in Gulls zone.
16:58 of 2nd period - Wrist shot by Thomas Spelling.
16:58 of 2nd period - Stopped by Thomas McCollum with a rebound.
17:00 of 2nd period - Slapshot by Jakub Zboril.
17:00 of 2nd period - Deflect By Rostislav Olesz.
17:00 of 2nd period - Goal by Rostislav Olesz - Gulls : 1 - Firebirds : 3.
17:01 of 2nd period - Dominic Turgeon wins face-off versus Jacob De La Rose in neutral zone.
17:10 of 2nd period - Slapshot by Mikhail Maltsev.
17:10 of 2nd period - Stopped by Cayden Primeau without a rebound.
17:11 of 2nd period - Dominic Turgeon wins face-off versus Jacob De La Rose in Firebirds zone.
17:12 of 2nd period - Snap shot by Troy Terry.
17:12 of 2nd period - Shot Blocked by Dylan Coghlan.
17:14 of 2nd period - Snap shot by Mikhail Maltsev.
17:14 of 2nd period - Stopped by Cayden Primeau with a rebound.
17:16 of 2nd period - Slapshot by Jack Glover.
17:16 of 2nd period - Shot Misses the Net.
17:18 of 2nd period - Slapshot by Zac Leslie.
17:18 of 2nd period - Deflect By Jakub Zboril.
17:18 of 2nd period - Stopped by Cayden Primeau without a rebound.
17:19 of 2nd period - Jacob De La Rose wins face-off versus Dominic Turgeon in Firebirds zone.
17:36 of 2nd period - Wrist shot by Rostislav Olesz.
17:36 of 2nd period - Deflect By Thomas Spelling.
17:36 of 2nd period - Stopped by Thomas McCollum with a rebound.
18:05 of 2nd period - Minor Penalty to Fredrik Olofsson for Slashing.
18:06 of 2nd period - Dominic Turgeon wins face-off versus Jacob De La Rose in Firebirds zone.
Goals for this period are 1 for Gulls vs 1 for Firebirds.
Shots for this period are 12 for Gulls vs 12 for Firebirds.
3rd period
0:01 of 3rd period - Jacob De La Rose wins face-off versus Dominic Turgeon in neutral zone.
0:05 of 3rd period - Penalty to Fredrik Olofsson is over, Fredrik Olofsson is back on ice.
0:51 of 3rd period - Garret Pilon is hit by Emil Heineman.
0:55 of 3rd period - Slapshot by Matt Grzelcyk.
0:55 of 3rd period - Stopped by Cayden Primeau with a rebound.
1:29 of 3rd period - Snap shot by Seth Jarvis.
1:29 of 3rd period - Shot Misses the Net.
1:31 of 3rd period - Wrist shot by Calvin Thurkauf.
1:31 of 3rd period - Deflect By Seth Jarvis.
1:31 of 3rd period - Goal by Seth Jarvis - Gulls : 2 - Firebirds : 3.
1:32 of 3rd period - Dominic Turgeon wins face-off versus Jacob De La Rose in neutral zone.
1:50 of 3rd period - Minor Penalty to Victor Mete for High sticking.
1:51 of 3rd period - Jacob De La Rose wins face-off versus Dominic Turgeon in Firebirds zone.
2:05 of 3rd period - Slapshot by Zac Leslie.
2:05 of 3rd period - Stopped by Cayden Primeau without a rebound.
2:06 of 3rd period - Rostislav Olesz wins face-off versus Dominic Turgeon in Firebirds zone.
2:37 of 3rd period - Jared McCann is hit by Emil Heineman and loses puck.
3:50 of 3rd period - Penalty to Victor Mete is over, Victor Mete is back on ice.
4:22 of 3rd period - Snap shot by Jack Glover.
4:22 of 3rd period - Shot Misses the Net.
5:56 of 3rd period - Henri Ikonen is hit by Wade Allison and loses puck.
6:09 of 3rd period - Tarmo Reunanen is hit by Mac Hollowell and loses puck.
6:38 of 3rd period - Icing by Victor Mete.
6:39 of 3rd period - Dominic Turgeon wins face-off versus Jared McCann in Firebirds zone.
6:40 of 3rd period - Wrist shot by Troy Terry.
6:40 of 3rd period - Stopped by Cayden Primeau without a rebound.
6:41 of 3rd period - Luke Kunin wins face-off versus Rostislav Olesz in Firebirds zone.
6:48 of 3rd period - Slapshot by Thomas Spelling.
6:48 of 3rd period - Stopped by Thomas McCollum without a rebound.
6:49 of 3rd period - Luke Kunin wins face-off versus Jacob De La Rose in Gulls zone.
7:26 of 3rd period - Snap shot by Rostislav Olesz.
7:26 of 3rd period - Shot Misses the Net.
7:40 of 3rd period - Snap shot by Seth Jarvis.
7:40 of 3rd period - Deflect By Calvin Thurkauf.
7:40 of 3rd period - Stopped by Cayden Primeau without a rebound.
7:41 of 3rd period - Jared McCann wins face-off versus Dominic Turgeon in Firebirds zone.
7:41 of 3rd period - Jared McCann is hit by Dominic Turgeon.
7:47 of 3rd period - Matt Grzelcyk is hit by Wade Allison and loses puck.
8:18 of 3rd period - Slapshot by Jacob Bryson.
8:18 of 3rd period - Shot Misses the Net.
8:57 of 3rd period - Off-side.
8:58 of 3rd period - Dominic Turgeon wins face-off versus Jacob De La Rose in neutral zone.
9:43 of 3rd period - Snap shot by Wade Allison.
9:43 of 3rd period - Deflect By Fredrik Olofsson.
9:43 of 3rd period - Stopped by Thomas McCollum without a rebound.
9:44 of 3rd period - Calvin Thurkauf wins face-off versus Reid Boucher in Gulls zone.
9:49 of 3rd period - Seth Jarvis is hit by Fredrik Olofsson and loses puck.
10:00 of 3rd period - Snap shot by Reid Boucher.
10:00 of 3rd period - Stopped by Thomas McCollum with a rebound.
10:18 of 3rd period - Snap shot by Troy Terry.
10:18 of 3rd period - Goal by Troy Terry - Gulls : 3 - Firebirds : 3.
10:19 of 3rd period - Jacob De La Rose wins face-off versus Dominic Turgeon in neutral zone.
10:28 of 3rd period - Wrist shot by Jacob De La Rose.
10:28 of 3rd period - Deflect By Thomas Spelling.
10:28 of 3rd period - Shot Misses the Net.
10:28 of 3rd period - Puck is out of play.
10:29 of 3rd period - Dominic Turgeon wins face-off versus Jacob De La Rose in Gulls zone.
10:42 of 3rd period - Snap shot by Jakub Zboril.
10:42 of 3rd period - Stopped by Thomas McCollum with a rebound.
10:44 of 3rd period - Snap shot by Thomas Spelling.
10:44 of 3rd period - Goal by Thomas Spelling - Gulls : 3 - Firebirds : 4.
10:45 of 3rd period - Dominic Turgeon wins face-off versus Jacob De La Rose in neutral zone.
10:56 of 3rd period - Snap shot by Dominic Turgeon.
10:56 of 3rd period - Shot Misses the Net.
10:58 of 3rd period - Wrist shot by Mikhail Maltsev.
10:58 of 3rd period - Shot Hit the Post.
11:33 of 3rd period - Wrist shot by Zack MacEwen.
11:33 of 3rd period - Stopped by Cayden Primeau without a rebound.
11:34 of 3rd period - Reid Boucher wins face-off versus Quinton Byfield in Firebirds zone.
11:45 of 3rd period - Snap shot by Reid Boucher.
11:45 of 3rd period - Shot Misses the Net.
11:47 of 3rd period - Slapshot by Jakub Zboril.
11:47 of 3rd period - Deflect By Maksim Sushko.
11:47 of 3rd period - Stopped by Thomas McCollum with a rebound.
11:49 of 3rd period - Backhand shot by Reid Boucher.
11:49 of 3rd period - Shot Misses the Net.
11:51 of 3rd period - Wrist shot by Maksim Sushko.
11:51 of 3rd period - Stopped by Thomas McCollum with a rebound.
11:53 of 3rd period - Wrist shot by Reid Boucher.
11:53 of 3rd period - Stopped by Thomas McCollum without a rebound.
11:54 of 3rd period - Dominic Turgeon wins face-off versus Jacob De La Rose in Gulls zone.
12:05 of 3rd period - Off-side.
12:06 of 3rd period - Jacob De La Rose wins face-off versus Dominic Turgeon in neutral zone.
12:16 of 3rd period - Snap shot by Jacob De La Rose.
12:16 of 3rd period - Stopped by Thomas McCollum with a rebound.
12:18 of 3rd period - Slapshot by Jakub Zboril.
12:18 of 3rd period - Stopped by Thomas McCollum without a rebound.
12:19 of 3rd period - Jacob De La Rose wins face-off versus Mikhail Maltsev in Gulls zone.
12:26 of 3rd period - Backhand shot by Thomas Spelling.
12:26 of 3rd period - Stopped by Thomas McCollum with a rebound.
12:28 of 3rd period - Slapshot by Dylan Coghlan.
12:28 of 3rd period - Shot Blocked by Mikko Vainonen.
12:36 of 3rd period - Snap shot by Rostislav Olesz.
12:36 of 3rd period - Shot Hit the Post.
12:50 of 3rd period - Slapshot by Victor Mete.
12:50 of 3rd period - Stopped by Thomas McCollum without a rebound.
12:51 of 3rd period - Reid Boucher wins face-off versus Luke Kunin in Gulls zone.
14:25 of 3rd period - Wrist shot by Luke Kunin.
14:25 of 3rd period - Shot Misses the Net.
14:31 of 3rd period - Slapshot by Luke Kunin.
14:31 of 3rd period - Deflect By Henri Ikonen.
14:31 of 3rd period - Stopped by Cayden Primeau without a rebound.
14:32 of 3rd period - Jacob De La Rose wins face-off versus Dominic Turgeon in Firebirds zone.
14:34 of 3rd period - Minor Penalty to Victor Mete for Holding.
14:35 of 3rd period - Dominic Turgeon wins face-off versus Jacob De La Rose in Firebirds zone.
15:06 of 3rd period - Wrist shot by Fredrik Olofsson.
15:06 of 3rd period - Stopped by Thomas McCollum without a rebound.
15:07 of 3rd period - Jacob De La Rose wins face-off versus Seth Jarvis in Gulls zone.
15:16 of 3rd period - Wrist shot by Jacob De La Rose.
15:16 of 3rd period - Stopped by Thomas McCollum with a rebound.
16:34 of 3rd period - Penalty to Victor Mete is over, Victor Mete is back on ice.
17:19 of 3rd period - Mikhail Maltsev is hit by Eric Robinson.
17:32 of 3rd period - Icing by Quinton Byfield.
17:33 of 3rd period - Jacob De La Rose wins face-off versus Quinton Byfield in Gulls zone.
18:53 of 3rd period - Fredrik Olofsson is hit by Dominic Turgeon and loses puck.
18:56 of 3rd period - Gulls, Thomas McCollum is pulled from the net.
19:10 of 3rd period - Slapshot by Jacob Bryson.
19:10 of 3rd period - Shot Blocked by Matt Grzelcyk.
19:47 of 3rd period - Snap shot by Troy Terry.
19:47 of 3rd period - Shot Misses the Net.
19:49 of 3rd period - Wrist shot by Dominic Turgeon.
19:49 of 3rd period - Goal by Dominic Turgeon - Gulls : 4 - Firebirds : 4.
19:49 of 3rd period - Thomas McCollum from Gulls was sent back in the game.
19:50 of 3rd period - Reid Boucher wins face-off versus Quinton Byfield in neutral zone.
Goals for this period are 3 for Gulls vs 1 for Firebirds.
Shots for this period are 9 for Gulls vs 14 for Firebirds.
Overtime #1
0:01 of 1st overtime period - Jacob De La Rose wins face-off versus Dominic Turgeon in neutral zone.
0:14 of 1st overtime period - Snap shot by Jared McCann.
0:14 of 1st overtime period - Stopped by Thomas McCollum with a rebound.
0:16 of 1st overtime period - Wrist shot by Jacob De La Rose.
0:16 of 1st overtime period - Goal by Jacob De La Rose - Gulls : 4 - Firebirds : 5.
Goals for this period are 0 for Gulls vs 1 for Firebirds.
Shots for this period are 0 for Gulls vs 2 for Firebirds.